 Dungeon Crawl Stone Soup version 0.27-a0-1144-g0b7d3b79db (webtiles) character file.

Game seed: 9618113211577512946

955 leviel the Chopper (level 7, -4/60 HPs)
             Began as a Minotaur Fighter on May 10, 2021.
             Was an Initiate of the Shining One.
             Engulfed by a steam dragon's steam (7 damage)
             ... on level 5 of the Dungeon.
             The game lasted 00:04:09 (2983 turns).

leviel the Chopper (Minotaur Fighter)               Turns: 2983, Time: 00:04:10

Health: -4/60      AC:  7    Str: 22    XL:     7   Next: 91%
Magic:  6/6        EV:  8    Int:  5    God:    the Shining One [......]
Gold:   225        SH: 10    Dex: 10    Spells: 6/6 levels left

rFire    . . .     SeeInvis .   a - +0 war axe
rCold    . . .     Faith    .   c - +0 kite shield
rNeg     . . .     Spirit   .   b - +0 scale mail
rPois    .         Reflect  .   (helmet restricted)
rElec    .         Harm     .   (no cloak)
rCorr    .         Rampage  .   (no gloves)
Will     .....                  (no boots)
Stlth    ..........             (no amulet)
HPRegen  0.20/turn              (no ring)
MPRegen  0.10/turn              (no ring)

@: mighty, brilliant, glowing
A: horns 2, retaliatory headbutt
a: Renounce Religion


You were on level 5 of the Dungeon.
You worshipped the Shining One.
The Shining One was noncommittal.
You visited 2 branches of the dungeon, and saw 5 of its levels.
You also visited: Ossuary.

You collected 225 gold pieces.

Inventory:

Hand Weapons
 a - a +0 war axe (weapon)
Armour
 b - a +0 scale mail (worn)
 c - a +0 kite shield (worn)
Scrolls
 h - 2 scrolls of teleportation {unknown}
 i - a scroll of acquirement {unknown}
 m - a scroll of magic mapping {unknown}
 n - 5 scrolls of identify {unknown}
 o - a scroll of blinking {unknown}
 r - a scroll of immolation {unknown}
 s - a scroll of vulnerability {unknown}
 t - a scroll of brand weapon {unknown}
Potions
 d - 4 potions of curing {unknown}
 e - a potion of mutation {unknown}
 f - 2 potions of lignification {unknown}
 g - a potion of flight {unknown}
 j - a potion of might
 k - 2 potions of heal wounds {unknown}
 l - a potion of brilliance
 p - 2 potions of resistance {unknown}
 q - 2 potions of degeneration {unknown}


   Skills:
 - Level 4.7 Fighting
 * Level 7.7 Axes
 + Level 6.2 Armour
 - Level 0.7 Dodging
 + Level 6.3 Shields


You had 6 spell levels left.
You didn't know any spells.
Your spell library contained the following spells:

 Spells                   Type           Power      Damage    Failure   Level
 Magic Dart               Conj           0%         1d3       99%         1
 Shock                    Conj/Air       0%         1d3       99%         1
 Blink                    Tloc           N/A        N/A       99%         2
 Call Imp                 Summ           0%         N/A       99%         2
 Searing Ray              Conj           0%         3d3       99%         2
 Slow                     Hex            0%         N/A       99%         2
 Static Discharge         Conj/Air       0%         N/A       99%         2
 Conjure Flame            Conj/Fire      0%         6-21      100%        3
 Dazzling Flash           Conj/Hex       0%         N/A       100%        3
 Mephitic Cloud           Conj/Pois/Air  0%         N/A       100%        3
 Swiftness                Air            0%         N/A       100%        3
 Airstrike                Air            0%         N/A       100%        4
 Fulminant Prism          Conj/Hex       0%         3d6       100%        4
 Iskenderun's Mystic Bla  Conj/Tloc      0%         2d3       100%        4
 Lightning Bolt           Conj/Air       0%         1d11      100%        5


Dungeon Overview and Level Annotations

Branches:
Dungeon (5/15)             Temple (1/1) D:4         Ossuary (visited)

Altars:
Cheibriados
Elyvilon
Gozag
Makhleb
Nemelex Xobeh
Qazlal
Uskayaw
Vehumet
Wu Jian
Xom
Zin
The Shining One
Lugonu


Innate Abilities, Weirdness & Mutations

You have a pair of horns on your head.
You reflexively headbutt those who attack you in melee.


Message History

You closely miss the adder. The adder bites you.
You are poisoned.
The adder poisons you! You block the steam dragon's attack. x2
The adder barely misses you. You furiously retaliate!
You headbutt the adder! The steam dragon breathes steam at you.
The ball of steam hits you!
You closely miss the steam dragon.
The steam dragon is lightly wounded.
You slash the adder!
You kill the adder!
You are engulfed in a cloud of scalding steam.
You feel sick. You block the steam dragon's attack.
The steam dragon claws you but does no damage.
You feel sick. The steam dragon bites you. The steam dragon barely misses you.
You see here an adder corpse.
You closely miss the steam dragon.
The steam dragon is lightly wounded.
You feel sick.
You are no longer poisoned.
The steam dragon bites you. You block the steam dragon's attack.
You hit the steam dragon. Your headbutt misses the steam dragon.
The steam dragon is moderately wounded.
The steam dragon bites you. You block the steam dragon's attack.
The steam dragon barely misses you. The steam dragon claws you.
You closely miss the steam dragon.
The steam dragon is moderately wounded.
The steam dragon breathes steam at you. The ball of steam hits you!
The steam dragon barely misses you.
The steam dragon claws you but does no damage.
You hit the steam dragon.
The steam dragon is moderately wounded.
The steam dragon breathes steam at you. The ball of steam hits you!
* * * LOW HITPOINT WARNING * * *
Unknown command.
It was a potion of brilliance.
You feel clever all of a sudden.
You are engulfed in a cloud of scalding steam.
You die...

.........#....)..#.......(.......
........##'####..#.....#.#.#.####
##########...##..##.....#....##
#...#....#..#.#.#.#..#
#...#................#
#...#.....#.......#..#
#...###.............##
#...#.§§#.#.....#.#..###
#...#.D@§#.......#......
#.#§#.#...#.#.#.....
............#........
...#.#.#.#.#.#.#.#.....
###.................#...
.....#+###.......##...
.....#............# ... ...
#............# ... #............+
..


You could see a steam dragon (catching breath).

Vanquished Creatures
  Sigmund (D:2)
  A black bear (D:4)
  2 elf zombies (Ossuary)
  A scorpion (D:5)
  2 wyvern zombies
  A howler monkey (D:4)
  A hound (D:4)
  A bullfrog skeleton (D:2)
  An iguana (D:5)
  Natasha (thrice) (D:2)
  2 hound zombies (Ossuary)
  4 mummies (Ossuary)
  Robin (D:2)
  2 adders
  A shadow imp (D:5)
  2 adder skeletons (D:4)
  2 worms (D:2)
  3 dart slugs
  3 bats
  6 endoplasms
  A giant cockroach (D:1)
  14 goblins
  6 hobgoblins
  8 jackals
  A quokka (D:1)
  4 ball pythons
  2 goblin zombies (Ossuary)
  A hobgoblin zombie (Ossuary)
  A jackal zombie (Ossuary)
  8 kobolds
  A kobold zombie (Ossuary)
  An orc zombie (Ossuary)
  5 rats
  2 rat zombies (Ossuary)
95 creatures vanquished.

Notes
Turn   | Place    | Note
-------+----------+-------------------------------------------
     0 | D:1      | leviel the Minotaur Fighter began the quest for the Orb.
     0 | D:1      | Reached XP level 1. HP: 19/19 MP: 0/0
   119 | D:1      | Reached XP level 2. HP: 27/27 MP: 1/1
   198 | D:1      | Found a faded altar of an unknown god.
   618 | D:1      | Reached XP level 3. HP: 32/33 MP: 2/2
   773 | D:2      | Reached skill level 3 in Axes
   788 | D:2      | Noticed Sigmund
   796 | D:2      | Killed Sigmund
   797 | D:2      | Reached skill level 4 in Axes
   797 | D:2      | Reached XP level 4. HP: 20/41 MP: 3/3
   797 | D:2      | Reached XP level 5. HP: 23/47 MP: 4/4
   991 | D:2      | Noticed Robin
   999 | D:2      | Killed Robin
  1000 | D:2      | Reached skill level 5 in Axes
  1218 | D:2      | Noticed Natasha
  1224 | D:2      | Killed Natasha
  1225 | D:2      | Reached XP level 6. HP: 49/52 MP: 5/5
  1409 | D:2      | Noticed Natasha
  1424 | D:2      | Killed Natasha
  1498 | D:2      | Noticed Natasha
  1504 | D:2      | Killed Natasha
  1505 | D:2      | Reached skill level 5 in Shields
  1579 | D:2      | You fall into a shaft and drop 2 floors!
  1588 | D:4      | Reached skill level 5 in Armour
  1611 | D:4      | Found a sparkling altar of Nemelex Xobeh.
  1651 | D:4      | Reached skill level 6 in Axes
  1658 | D:4      | Found a staircase to the Ecumenical Temple.
  1673 | D:4      | Found a sand-covered staircase.
  1678 | Ossuary  | Entered an ossuary
  1697 | Ossuary  | Reached XP level 7. HP: 37/60 MP: 6/6
  2071 | Temple   | Entered the Ecumenical Temple
  2115 | Temple   | Became a worshipper of the Shining One
  2163 | D:4      | Reached skill level 7 in Axes
  2475 | D:4      | Found an ornate altar of the Wu Jian Council.
  2569 | D:4      | Found an opulent altar of Gozag.
  2619 | D:5      | Entered Level 5 of the Dungeon
  2629 | D:5      | Found a burning altar of Makhleb.
  2629 | D:5      | Noticed an Executioner
  2630 | D:5      | Found a glowing silver altar of Zin.
  2631 | D:5      | Noticed an angel
  2970 | D:5      | Noticed a steam dragon
  2982 | D:5      | HP: 3/60 [steam dragon/ball of steam (17)]
  2983 | D:5      | Engulfed by a steam dragon's steam

Illustrated notes

Levels and vault maps discovered:
D:1:      dpeg_arrival_line_fractal, layout_basic,
          ebering_ecumenical_altar_sacrificial
D:2:      layout_basic, item_on_display_a, uniq_natasha, uniq_robin,
          uniq_sigmund
D:4:      layout_rooms, lemuel_coloured_pillars_altar,
          grunt_temple_overflow_opulence, minmay_temple_entry_arrows,
          lightli_ossuary_entry_decrepit_ruins, minivault_25
D:5:      layout_gridville, grunt_temple_overflow_order_and_chaos_2,
          hangedman_decor_riveting
Temple:   corrupted_temple

Skill      XL: |  1  2  3  4  5  6  7 |
---------------+----------------------+-----
Fighting       | 4 |  4.7
Shields        | 4 5 6 |  6.3
Armour         | 4 5 6 |  6.2
Axes           | 4 5 6 7 |  7.7
Dodging        | |  0.7

Action                   |  1- 3 |  4- 6 |  7- 9 || total
-------------------------+-------+-------+-------++-------
Melee: War axe           |    57 |   110 |    60 ||   227
       Headbutt          |    10 |    20 |    10 ||    40
  Use: Potion            |     1 |       |     2 ||     3
Armor: Scale mail        |    23 |    46 |    20 ||    89
Dodge: Dodged            |    13 |    40 |    17 ||    70
Block: Kite shield       |    36 |    81 |    37 ||   154

Table legend: (Time is in decaauts)
 A = Elapsed time spent in this place.
 B = Non-inter-level travel time spent in this place.
 C = Inter-level travel time spent in this place.
 D = Time resting spent in this place.
 E = Time spent auto-exploring this place.
 F = Levels seen in this place.
 G = Mean time per level.
                   A        B        C        D        E       F      G
               +--------+--------+--------+--------+--------+-----+--------+
         Total |   3084 |   3003 |     81 |     26 |   2344 |   6 |  514.0 |
       Dungeon |   2632 |   2560 |     72 |     26 |   2006 |   4 |  658.0 |
        Temple |     60 |     51 |      9 |      0 |     34 |   1 |   60.0 |
       Ossuary |    391 |    391 |      0 |      0 |    304 |   1 |  391.0 |
               +--------+--------+--------+--------+--------+-----+--------+

Top non-repeatable levels by time:
     D:2: 845 daAuts
     D:1: 798 daAuts
     D:4: 618 daAuts
 Ossuary: 391 daAuts
     D:5: 370 daAuts
  Temple: 60 daAuts
